 Dungeon Crawl Stone Soup version 0.19-a0-1002-g674d22e (webtiles) character file.

142 HAL9000 the Cudgeler (level 5, -5/54 HPs)
             Began as an Ogre Hunter on July 18, 2016.
             Slain by Sigmund
             ... wielding a +0 scythe
              (7 damage)
             ... on level 2 of the Dungeon.
             The game lasted 00:05:00 (2326 turns).

HAL9000 the Cudgeler (Ogre Hunter)                  Turns: 2326, Time: 00:05:01

Health: -5/54      AC:  5    Str: 17    XL:     5   Next: 25%
Magic:  5/5        EV: 10    Int: 10    God:
Gold:   95         SH:  0    Dex: 11    Spells: 0 memorised, 4 levels left

rFire  . . .     SeeInvis .     l - +0 mace
rCold  . . .     Gourm    .     o - +2 robe {MR+}
rNeg   . . .     Faith    .     (no shield)
rPois  .         Spirit   .     (helmet restricted)
rElec  .         Dismiss  .     (no cloak)
rCorr  .         Reflect  .     (gloves unavailable)
SustAt .         Harm     .     (boots unavailable)
MR     +....                    t - amulet of inaccuracy (curse)
Stlth  +.........               (no ring)
                                (no ring)

@: somewhat resistant to hostile enchantments, very unstealthy
A: unfitting armour, tough skin 1
a: no special abilities


You were on level 2 of the Dungeon.
You were not hungry.

You visited 1 branch of the dungeon, and saw 2 of its levels.

You collected 95 gold pieces.

Inventory:

Hand Weapons
 l - a +0 mace (weapon)
Armour
 o - a +2 robe of magic resistance (worn)
Jewellery
 t - a cursed amulet of inaccuracy (around neck)
Scrolls
 h - a scroll of immolation {unknown}
 j - 2 scrolls of remove curse {unknown}
 m - 2 scrolls of enchant armour {unknown}
 n - a scroll of random uselessness {unknown}
 p - a scroll of amnesia {unknown}
 u - a scroll of identify
Potions
 q - a potion of brilliance
 s - a potion of cure mutation
Comestibles
 f - 3 bread rations
 g - a meat ration
 i - a beef jerky
 v - a chunk of flesh


   Skills:
 - Level 4.0 Fighting
 + Level 5.5 Maces & Flails
 - Level 4.0 Throwing
 - Level 1.7 Dodging
 - Level 0.7 Stealth


You had 4 spell levels left.
You didn't know any spells.

Dungeon Overview and Level Annotations

Branches:
Dungeon (2/15)

Altars:
Nemelex Xobeh

Annotations:
D:2 Sigmund


Innate Abilities, Weirdness & Mutations

You are too large for most types of armour.
You have tough skin. (AC +1)


Message History

A puff of flame appears from out of thin air!
The puff of flame hits you!
You hit something but do no damage. Something hits you!
You barely miss something. You hit something but do no damage.
Something hits you.
You sock something!
You hear some strange, mumbled words.
A magic dart appears from out of thin air!
The magic dart hits you!
* * * LOW HITPOINT WARNING * * *
You barely miss something. Something hits you.
* * * LOW HITPOINT WARNING * * *
You barely miss something. Something hits you!
* * * LOW HITPOINT WARNING * * *
A kobold comes into view. It is wielding a whip.
You miss something. You barely miss something.
The kobold shouts!
Something hits you!
You die...

#......#.#######.#.#
#....((#.#######.#.#
##......#.#.......#.#
#######.#.#.#######.#
# #.#.#.......#.# #
#.#.#.......#.# #
#.#.#.......#.# #
#.#.K.........# #
#..(.....{@<..# #
#############.# #
#....#.# # #.#.##.# #
#.#.##.# #.#.##.#
#.#.##.# #.#.##.#
#.#.##.#


You could see a kobold.

Vanquished Creatures
  Robin (D:2)
  3 gnolls (D:2)
  2 adders (D:2)
  3 worms (D:2)
  5 dart slugs
  4 giant geckos
  A giant cockroach (D:2)
  16 goblins
  4 hobgoblins
  3 jackals (D:2)
  A kobold (D:2)
  9 bats
  3 giant newts
  3 rats
58 creatures vanquished.

Notes
Turn   | Place    | Note
-------+----------+-------------------------------------------
     0 | D:1      | HAL9000 the Ogre Hunter began the quest for the Orb.
     0 | D:1      | Reached XP level 1. HP: 22/22 MP: 1/1
    48 | D:1      | Reached XP level 2. HP: 10/31 MP: 2/2
    67 | D:1      | HP: 1/32 [goblin (3)]
   712 | D:1      | Reached skill level 1 in Maces & Flails
   791 | D:1      | Found a sparkling altar of Nemelex Xobeh.
   830 | D:1      | Reached XP level 3. HP: 36/39 MP: 3/3
   904 | D:1      | Reached skill level 2 in Maces & Flails
  1239 | D:2      | Noticed Sigmund
  1239 | D:2      | Noticed Robin
  1322 | D:2      | Reached skill level 3 in Maces & Flails
  1347 | D:2      | Reached XP level 4. HP: 48/48 MP: 4/4
  1359 | D:2      | Reached skill level 4 in Maces & Flails
  1961 | D:2      | Reached skill level 5 in Maces & Flails
  1961 | D:2      | Reached XP level 5. HP: 54/54 MP: 5/5
  2185 | D:2      | Killed Robin
  2324 | D:2      | HP: 2/54 [something (12)]
  2326 | D:2      | Slain by Sigmund

Vault maps used:
D:1:      shiori_arrival_elements, nemelex_xobeh_ov_fountains_minmay
D:2:      first_bread, uniq_sigmund, uniq_robin

Skill      XL: |  1  2  3  4 |
---------------+-------------+-----
Fighting       | 3 4 |  4.0
Maces & Flails | 1 3 5 |  5.5
Throwing       | |  4.0
Dodging        | |  1.7
Stealth        | |  0.7

Action                   |  1- 3 |  4- 6 || total
-------------------------+-------+-------++-------
Melee: Short sword       |    74 |       ||    74
       Mace              |    30 |    96 ||   126
Throw: Large rock        |     3 |     5 ||     8
       Throwing net      |       |     2 ||     2
  Use: Scroll            |       |     3 ||     3
 Stab: Sleeping          |     1 |       ||     1
  Eat: Chunk             |     1 |     4 ||     5
Armor: Robe              |    68 |    26 ||    94
Dodge: Dodged            |    80 |    51 ||   131
